 Dungeon Crawl Stone Soup version 0.30-a0-702-gdf48620a09 (webtiles) character file.

Game seed: 14872999024868731247

353 ASSMAN the Skirmisher (level 6, 0/51 HPs)
             Began as a Gnoll Hunter on Jan 21, 2023.
             Slain by a gnoll sergeant
             ... wielding a +0 trident
              (7 damage)
             ... on level 5 of the Dungeon.
             The game lasted 00:04:16 (3507 turns).

ASSMAN the Skirmisher (Gnoll Hunter)                Turns: 3507, Time: 00:04:17

Health: 0/51       AC:  5    Str: 10    XL:     6   Next: 62%
Magic:  0/9        EV: 14    Int:  8    God:
Gold:   184        SH:  0    Dex: 18    Spells: 9/9 levels left

rFire   . . .      SeeInvis .    a - +0 shortbow
rCold   . . .      Faith    .    (shield currently unavailable)
rNeg    . . .      Spirit   +    c - +0 leather armour
rPois   .          Reflect  .    q - +0 helmet
rElec   .          Harm     .    l - scarf {repulsion}
rCorr   .          Rampage  .    (no gloves)
Will    .....                    r - +0 pair of boots
Stlth   ++                       v - amulet of guardian spirit
HPRegen 0.28/turn                (no ring)
MPRegen 0.11/turn                (no ring)

@: repel missiles
A: fangs 1, strong nose, distributed training
a: no special abilities


You were on level 5 of the Dungeon.
You visited 1 branch of the dungeon, and saw 5 of its levels.

You collected 184 gold pieces.

Inventory:

Hand Weapons
 a - a +0 shortbow (weapon)
Armour
 c - a +0 leather armour (worn)
 l - a scarf of repulsion (worn)
 q - a +0 helmet (worn)
 r - a +0 pair of boots (worn)
 s - a +0 kite shield
Jewellery
 v - an amulet of guardian spirit (around neck)
 w - an amulet of regeneration
Scrolls
 b - 2 scrolls of immolation
 e - 3 scrolls of identify {unknown}
 i - 2 scrolls of magic mapping {unknown}
 n - 4 scrolls of teleportation {unknown}
 o - a scroll of torment {unknown}
 t - a scroll of vulnerability {unknown}
 u - a scroll of enchant armour {unknown}
 x - 2 scrolls of poison {unknown}
Potions
 d - 3 potions of resistance {unknown}
 f - a potion of brilliance {unknown}
 g - 2 potions of ambrosia {unknown}
 h - 3 potions of curing {unknown}
 j - a potion of might {unknown}
 k - a potion of invisibility {unknown}
 m - a potion of mutation {unknown}
 p - a potion of magic {unknown}
 z - a potion of heal wounds {unknown}
 A - a potion of cancellation {unknown}
 B - a potion of haste {unknown}
 C - a potion of attraction {unknown}


   Skills:
 + Level 5.0 Fighting
 + Level 2.1 Short Blades
 + Level 2.1 Long Blades
 + Level 2.1 Axes
 + Level 2.1 Maces & Flails
 + Level 2.1 Polearms
 + Level 2.1 Staves
 + Level 8.8 Ranged Weapons
 + Level 2.1 Throwing
 + Level 2.1 Armour
 + Level 5.0 Dodging
 + Level 3.2 Stealth
 + Level 2.1 Shields
 + Level 2.1 Unarmed Combat
 + Level 2.1 Spellcasting
 + Level 1.7 Conjurations
 + Level 1.7 Hexes
 + Level 1.7 Summonings
 + Level 1.7 Necromancy
 + Level 1.7 Translocations
 + Level 1.7 Transmutations
 + Level 1.7 Fire Magic
 + Level 1.7 Ice Magic
 + Level 1.7 Air Magic
 + Level 1.7 Earth Magic
 + Level 1.7 Poison Magic
 + Level 2.3 Invocations
 + Level 2.1 Evocations


You had 9 spell levels left.
You didn't know any spells.
Your spell library contained the following spells:

 Spells                   Type           Power      Damage    Failure   Level
 Gell's Gravitas          Tloc           3%         N/A       56%         3
 Portal Projectile        Hex/Tloc       6%         N/A       56%         3
 Teleport Other           Tloc           3%         N/A       56%         3
 Tukima's Dance           Hex            3%         N/A       56%         3
 Blade Hands              Tmut           1%         N/A       99%         5
 Dispersal                Tloc           1%         N/A       100%        6


Dungeon Overview and Level Annotations

Branches:
Dungeon (5/15)
 Temple: D:4-7

Altars:
Dithmenos
Makhleb
Vehumet
Yredelemnul
Zin

Shops:
D:1 (

Annotations:
D:3 3 runed translucent doors, kd29's ghost, amateur DsTm; yumyumyeen's ghost, amateur MiMo


Innate Abilities, Weirdness & Mutations

You have very sharp teeth.
Your uncanny sense of smell can sniff out nearby items.
Your experience applies equally to all skills.


Message History

You are too injured to fight recklessly!
You are too injured to fight recklessly!
Fire: a) +0 shortbow
Press: ? - help, Q - select action Shift-Dir - straight line, f/p - gnoll sergeant
Aim: a gnoll sergeant, wielding a +0 trident and wearing a +0 ring mail (lightly wounded, 73% to hit)
You shoot an arrow.
The arrow hits the gnoll sergeant but does no damage.
The gnoll sergeant is lightly wounded.
The gnoll sergeant hits you from afar with a +0 trident!
* * * LOW HITPOINT WARNING * * *
Fire: a) +0 shortbow
Press: ? - help, Q - select action Shift-Dir - straight line, f/p - gnoll sergeant
Aim: a gnoll sergeant, wielding a +0 trident and wearing a +0 ring mail (lightly wounded, 73% to hit)
You shoot an arrow. The arrow hits the gnoll sergeant!
The gnoll sergeant is heavily wounded.
The gnoll sergeant hits you from afar with a +0 trident.
* * * LOW HITPOINT WARNING * * *
Okay, then.
Fire: a) +0 shortbow
Press: ? - help, Q - select action Shift-Dir - straight line, f/p - gnoll sergeant
Aim: a gnoll sergeant, wielding a +0 trident and wearing a +0 ring mail (heavily wounded, 73% to hit)
You shoot an arrow.
The arrow hits the gnoll sergeant but does no damage.
The gnoll sergeant is heavily wounded.
The gnoll sergeant completely misses you.
The gnoll sergeant splashes around in the water.
Fire: a) +0 shortbow
Press: ? - help, Q - select action Shift-Dir - straight line, f/p - gnoll sergeant
Aim: a gnoll sergeant, wielding a +0 trident and wearing a +0 ring mail (heavily wounded, 73% to hit)
You shoot an arrow.
The arrow barely misses the gnoll sergeant.
The gnoll sergeant hits you from afar with a +0 trident.
* * * LOW HITPOINT WARNING * * *
Fire: a) +0 shortbow
Press: ? - help, Q - select action Shift-Dir - straight line, f/p - gnoll sergeant
Aim: a gnoll sergeant, wielding a +0 trident and wearing a +0 ring mail (heavily wounded, 73% to hit)
You shoot an arrow. The arrow hits the gnoll sergeant.
The gnoll sergeant is heavily wounded.
The gnoll sergeant hits you from afar with a +0 trident!
You die...

#..........#.....#
#................#
#.........##.....#
..........##.###.##
#++####.......#
#..##### ~..~
##.###### ##......
..).. ##.# ####...
#..g#..# #......
#..'@## #......
#..'.# #......
♣.~### #...... ...~
#...... ~..~~
#...... #++## ####
# ....


You could see a gnoll sergeant.

Vanquished Creatures
  A centaur (D:3)
  A scorpion (D:4)
  A howler monkey (D:5)
  An orc priest (D:3)
  A jelly (D:4)
  An iguana (D:4)
  2 adders (D:2)
  A worm (D:2)
  2 dart slugs
  8 orcs
  3 ball pythons
  5 endoplasms
  A giant cockroach (D:2)
  4 goblins
  5 hobgoblins
  3 kobolds
  4 quokkas
  7 bats
  2 frilled lizards (D:2)
  3 rats
56 creatures vanquished.

Notes
Turn   | Place    | Note
-------+----------+-------------------------------------------
     0 | D:1      | ASSMAN the Gnoll Hunter began the quest for the Orb.
     0 | D:1      | Reached XP level 1. HP: 20/20 MP: 1/1
    43 | D:1      | Found a faded altar of an unknown god.
   130 | D:1      | Found Xutadurr's Weapon Shoppe.
   180 | D:1      | Reached XP level 2. HP: 26/26 MP: 2/2
  1008 | D:2      | Reached XP level 3. HP: 31/31 MP: 3/3
  1128 | D:2      | Reached skill level 1 in Invocations
  1251 | D:2      | Reached skill level 1 in Short Blades
  1251 | D:2      | Reached skill level 1 in Long Blades
  1251 | D:2      | Reached skill level 1 in Axes
  1251 | D:2      | Reached skill level 1 in Maces & Flails
  1251 | D:2      | Reached skill level 1 in Polearms
  1251 | D:2      | Reached skill level 1 in Staves
  1251 | D:2      | Reached skill level 1 in Throwing
  1251 | D:2      | Reached skill level 1 in Armour
  1251 | D:2      | Reached skill level 1 in Shields
  1251 | D:2      | Reached skill level 1 in Unarmed Combat
  1251 | D:2      | Reached skill level 1 in Spellcasting
  1251 | D:2      | Reached skill level 1 in Evocations
  1635 | D:3      | Reached XP level 4. HP: 38/38 MP: 5/5
  1659 | D:4      | Reached skill level 1 in Conjurations
  1659 | D:4      | Reached skill level 1 in Hexes
  1659 | D:4      | Reached skill level 1 in Summonings
  1659 | D:4      | Reached skill level 1 in Necromancy
  1659 | D:4      | Reached skill level 1 in Translocations
  1659 | D:4      | Reached skill level 1 in Transmutations
  1659 | D:4      | Reached skill level 1 in Fire Magic
  1659 | D:4      | Reached skill level 1 in Ice Magic
  1659 | D:4      | Reached skill level 1 in Air Magic
  1659 | D:4      | Reached skill level 1 in Earth Magic
  1659 | D:4      | Reached skill level 1 in Poison Magic
  1993 | D:3      | Noticed a centaur
  2003 | D:3      | Killed a centaur
  2004 | D:3      | Reached XP level 5. HP: 34/43 MP: 3/7
  2120 | D:3      | Found a runed translucent gate.
  2121 | D:3      | Found a runed translucent gate.
  2121 | D:3      | Found a runed translucent gate.
  2122 | D:3      | Noticed kd29's ghost (amateur DsTm)
  2123 | D:3      | Noticed yumyumyeen's ghost (amateur MiMo)
  2630 | D:4      | Reached XP level 6. HP: 38/50 MP: 5/8
  2777 | D:4      | Found a glowing silver altar of Zin.
  2809 | D:4      | Found a shadowy altar of Dithmenos.
  3070 | D:4      | Found a burning altar of Makhleb.
  3071 | D:4      | Found a radiant altar of Vehumet.
  3071 | D:4      | Found a basalt altar of Yredelemnul.
  3107 | D:4      | Reached skill level 5 in Fighting
  3107 | D:4      | Reached skill level 5 in Dodging
  3417 | D:5      | Entered Level 5 of the Dungeon
  3507 | D:5      | Slain by a gnoll sergeant

Illustrated notes

Levels and vault maps discovered:
D:1:      dpeg_arrival_orchard, layout_basic, chequers_ecumenical_altar_island,
          serial_shops, nicolae_shop_competitors_out_of_business,
          serial_bayou_lake_a
D:2:      layout_loops_cross, corner_web_ring, columned_hall_lemuel,
          ebering_dispersal_statue_hall
D:3:      layout_basic, gammafunk_ghost_cemetery
D:4:      layout_cave_pods, mainiacjoe_overflow_two_lobes,
          chequers_temple_overflow_statue_of_worship, minmay_unequal
D:5:      layout_basic, kennysheep_generic_room_7

Skill      XL: |  1  2  3  4  5  6 |
---------------+-------------------+-----
Invocations    | 1 2 |  2.3
Short Blades   | 1 2 |  2.1
Long Blades    | 1 2 |  2.1
Axes           | 1 2 |  2.1
Maces & Flails | 1 2 |  2.1
Polearms       | 1 2 |  2.1
Staves         | 1 2 |  2.1
Throwing       | 1 2 |  2.1
Armour         | 1 2 |  2.1
Shields        | 1 2 |  2.1
Unarmed Combat | 1 2 |  2.1
Spellcasting   | 1 2 |  2.1
Evocations     | 1 2 |  2.1
Conjurations   | 1 |  1.7
Hexes          | 1 |  1.7
Summonings     | 1 |  1.7
Necromancy     | 1 |  1.7
Translocations | 1 |  1.7
Transmutations | 1 |  1.7
Fire Magic     | 1 |  1.7
Ice Magic      | 1 |  1.7
Air Magic      | 1 |  1.7
Earth Magic    | 1 |  1.7
Poison Magic   | 1 |  1.7
Stealth        | 3 |  3.2
Fighting       | 5 |  5.0
Dodging        | 5 |  5.0
Ranged Weapons | |  8.8

Action                   |  1- 3 |  4- 6 || total
-------------------------+-------+-------++-------
 Fire: Shortbow          |    84 |    99 ||   183
Armor: Leather armour    |     8 |     2 ||    10
Dodge: Dodged            |    22 |    29 ||    51
       Repelled          |       |     1 ||     1

Table legend: (Time is in decaauts)
 A = Elapsed time spent in this place.
 B = Non-inter-level travel time spent in this place.
 C = Inter-level travel time spent in this place.
 D = Time resting spent in this place.
 E = Time spent auto-exploring this place.
 F = Levels seen in this place.
 G = Mean time per level.
                   A        B        C        D        E       F      G
               +--------+--------+--------+--------+--------+-----+--------+
         Total |   3587 |   3432 |    155 |      0 |   3060 |   5 |  717.4 |
       Dungeon |   3587 |   3432 |    155 |      0 |   3060 |   5 |  717.4 |
               +--------+--------+--------+--------+--------+-----+--------+

Top non-repeatable levels by time:
     D:3: 1013 daAuts
     D:4: 839 daAuts
     D:1: 839 daAuts
     D:2: 802 daAuts
     D:5: 92 daAuts
